 Dungeon Crawl Stone Soup version 0.30.1-9-gdf580d7c3d (webtiles) character file.

Game seed: 17213414663382013186

1054 eliilek the Basher (level 8, -3/64 HPs)
             Began as a Minotaur Berserker on Oct 11, 2023.
             Was a Priest of Trog.
             Succumbed to their own poison gas
             ... on level 6 of the Dungeon on Oct 12, 2023.
             The game lasted 00:12:09 (4376 turns).

eliilek the Basher (Minotaur Berserker)             Turns: 4376, Time: 00:12:09

Health: -3/64      AC: 11    Str: 24    XL:     8   Next: 5%
Magic:  7/7        EV:  7    Int:  4    God:    Trog [***...]
Gold:   182        SH:  6    Dex: 10    Spells: 7/7 levels left

rFire   . . .        a - +2 flail (protect)
rCold   . . .        v - +0 kite shield
rNeg    . . .        c - +0 chain mail
rPois   .            (helmet restricted)
rElec   .            k - +0 cloak
rCorr   .            (no gloves)
SInv    .            D - +0 pair of boots
Will    .....        (no amulet) Stlth
                     (no ring)
HPRegen 0.30/turn    (no ring)
MPRegen 0.10/turn

%: no passive effects
@: lethally poisoned (-3 -> -52), silenced, weak-willed
A: horns 2, retaliatory headbutt
a: Renounce Religion


You were on level 6 of the Dungeon.
You worshipped Trog.
Trog was most pleased with you.
You visited 1 branch of the dungeon, and saw 6 of its levels.

You collected 182 gold pieces.

Inventory:

Hand Weapons
 a - a +2 flail of protection (weapon)
 b - a +0 sling
Missiles
 j - 7 poisoned darts
 s - 4 throwing nets
 G - 6 atropa-tipped darts
Armour
 c - a +0 chain mail (worn)
 k - a +0 cloak (worn)
 v - a +0 kite shield (worn)
 D - a +0 pair of boots (worn)
Jewellery
 C - an amulet of guardian spirit
 E - an amulet of faith
Wands
 w - a wand of flame (23)
Scrolls
 g - 4 scrolls of teleportation
 h - a scroll of blinking
 l - 2 scrolls of identify
 m - a scroll of vulnerability
 n - a scroll of immolation
 p - a scroll of noise
 x - a scroll of enchant armour {unknown}
 y - a scroll of torment {unknown}
 z - a scroll of fear {unknown}
 F - a scroll of butterflies {unknown}
Potions
 d - 6 potions of might
 e - a potion of attraction {unknown}
 i - a potion of invisibility {unknown}
 o - 4 potions of cancellation {unknown}
 q - a potion of brilliance {unknown}
 r - 3 potions of heal wounds {unknown}
 A - a potion of ambrosia {unknown}
 B - 2 potions of mutation {unknown}


   Skills:
 - Level 3.6 Fighting
 * Level 11.7 Maces & Flails
 - Level 2.4 Armour
 - Level 2.1 Dodging


You had 7 spell levels left.
You didn't know any spells.
Your spell library was empty.

Dungeon Overview and Level Annotations

Branches:
Dungeon (6/15)             Temple (0/1) D:4

Altars:
Nemelex Xobeh
Qazlal

Shops:
D:5 (

Portals:
Abyss: D:5

Annotations:
D:5 2 transporters, kaesle's ghost, novice HOFi


Innate Abilities, Weirdness & Mutations

You have a pair of horns on your head.
You reflexively headbutt those who attack you in melee.


Message History

The orc hits you but does no damage.
You thump the iguana!
You kill the iguana!
Trog accepts your kill. The orc hits you but does no damage.
The orc hits you but does no damage.
You sock the orc!
You kill the orc!
Trog accepts your kill.
As you read the scroll labelled ORAACI VOTSU, it crumbles to dust.
Magic quickly surges around you.
It was a scroll of vulnerability.
As you read the scroll labelled IFE TOZELAL, it crumbles to dust.
The air around you briefly surges with heat, but it dissipates.
It was a scroll of immolation.
As you read the scroll labelled KOMOFE DEJENAO, it crumbles to dust.
It is a scroll of enchant weapon.
Your +1 flail of protection glows red for a moment.
The air fills with toxic fumes!
As you read the scroll labelled JAXZON OKHLARASH, it crumbles to dust.
It was a scroll of poison.
As you read the scroll labelled RYFAWE QEATIOL, it crumbles to dust.
A profound silence engulfs you.
It was a scroll of silence.
Magic scrolls do not work when you're silenced!
Really walk into that cloud of poison gas? [Y]es or [N]o only, please.
Really walk into that cloud of poison gas?
You are engulfed in poison gas.
You are poisoned.
You feel very sick.
Found a brown potion.
You are engulfed in poison gas.
You are more poisoned.
You feel extremely sick.
You're standing in a cloud of poison gas!
You are engulfed in poison gas.
You are lethally poisoned!
* * * LOW HITPOINT WARNING * * *
You feel extremely sick.
You are engulfed in poison gas.
You are more poisoned.
* * * LOW HITPOINT WARNING * * *
You die...

##....# #....o..#
##.....##
#?...l..###....... #
#................ !#
##...............##.#
......... #§§§§...###
#..§.§# ##§☼§../...#
..##...).# ##.§§§.#
....?....###..#§@##
...........#.##§########
#
..##.....#..§§§§###.....
.. #[....###.#§§§...###
.. #.........§§.§§....#
.#
#.....#§.§§§§§§☼...#.#
.....§§.§§§§#§§§§...##
......§.☼§§§##§###§...#
...☼#§§##.§##..##..#


There were no monsters in sight!

Vanquished Creatures
  2 water moccasins
  A black bear (D:4)
  An ogre (D:4)
  A centaur (D:5)
  A phantom (D:5)
  A hound (D:5)
  An orc priest (D:5)
  2 gnoll boudas
  A jelly (D:5)
  3 iguanas
  A sleepcap (D:4)
  Terence (D:2)
  13 gnolls
  An adder (D:2)
  An ufetubus (D:5)
  2 worms
  A dart slug (D:4)
  10 orcs
  12 ball pythons
  5 endoplasms
  7 giant cockroaches
  2 goblins
  6 hobgoblins
  3 jackals (D:3)
  2 quokkas
  2 bats (D:1)
  5 frilled lizards
  11 kobolds
  3 rats
102 creatures vanquished.

Notes
Turn   | Place    | Note
-------+----------+-------------------------------------------
     0 | D:1      | eliilek the Minotaur Berserker began the quest for the Orb.
     0 | D:1      | Reached XP level 1. HP: 19/19 MP: 0/0
   100 | D:1      | Reached skill level 4 in Maces & Flails
   217 | D:1      | Reached XP level 2. HP: 12/26 MP: 1/1
   483 | D:1      | Reached skill level 5 in Maces & Flails
   675 | D:1      | Reached XP level 3. HP: 31/31 MP: 2/2
   804 | D:2      | Found a faded altar of an unknown god.
   854 | D:2      | Reached ** piety under Trog
  1003 | D:2      | Noticed Terence
  1009 | D:2      | Killed Terence
  1010 | D:2      | Reached skill level 6 in Maces & Flails
  1010 | D:2      | Reached XP level 4. HP: 38/39 MP: 3/3
  1994 | D:3      | Found a stormy altar of Qazlal.
  2693 | D:4      | Found a staircase to the Ecumenical Temple.
  2699 | D:4      | Noticed an ogre
  2707 | D:4      | Killed an ogre
  2708 | D:4      | Reached skill level 7 in Maces & Flails
  2708 | D:4      | Reached XP level 5. HP: 40/45 MP: 4/4
  2867 | D:4      | Reached skill level 8 in Maces & Flails
  3046 | D:4      | Found a sparkling altar of Nemelex Xobeh.
  3048 | D:4      | Noticed a water moccasin
  3061 | D:4      | Killed a water moccasin
  3062 | D:4      | Reached XP level 6. HP: 43/51 MP: 5/5
  3423 | D:5      | Entered Level 5 of the Dungeon
  3444 | D:4      | Reached skill level 9 in Maces & Flails
  3547 | D:4      | Reached skill level 10 in Maces & Flails
  3547 | D:4      | Reached XP level 7. HP: 44/57 MP: 6/6
  3650 | D:5      | Reached *** piety under Trog
  3795 | D:5      | Found Gakel's Weapon Boutique.
  3964 | D:5      | Reached skill level 11 in Maces & Flails
  4087 | D:5      | Reached XP level 8. HP: 54/64 MP: 7/7
  4159 | D:5      | Found a transporter.
  4169 | D:5      | Found a transporter.
  4169 | D:5      | Noticed kaesle's ghost (novice HOFi)
  4170 | D:5      | Found a one-way gate to the infinite horrors of the Abyss.
  4376 | D:6      | Succumbed to their own poison gas

Illustrated notes

Levels and vault maps discovered:
D:1:      scummos_arrival_hexagon, layout_loops_ring
D:2:      kb_forest_paths, layout_basic, shapermc_ecumenical_altar_notcrosses,
          nicolae_underground_beach, uniq_terence
D:3:      layout_loops_ring, mainiacjoe_overflow_alcove_4
D:4:      layout_loops_ring, nemelex_diamond_rough_becter,
          minmay_temple_entry_slanted
D:5:      layout_rooms, serial_shops, nicolae_shop_tiny_waterfront,
          gammafunk_ghost_abyssal_escape
D:6:      layout_rooms, nicolae_elyvilon_temple_path,
          mainiacjoe_overflow_brackets, portal_sewer_entry_a, hex_intersection,
          minmay_manual_maat

Skill      XL: |  1  2  3  4  5  6  7 |
---------------+----------------------+-----
Maces & Flails | 4 5 6 7 8 10 11 | 11.7
Fighting       | |  3.6
Armour         | |  2.4
Dodging        | |  2.1

Action                     |  1- 3 |  4- 6 |  7- 9 || total
---------------------------+-------+-------+-------++-------
  Melee: Mace              |    21 |       |       ||    21
         Headbutt          |     7 |    19 |     7 ||    33
         Flail             |    34 |   121 |    66 ||   221
   Fire: Sling             |    33 |    57 |    14 ||   104
 Invoke: Berserk           |       |     2 |     2 ||     4
    Use: Potion            |       |     1 |       ||     1
         Scroll            |       |       |     9 ||     9
 Armour: Chain mail        |    30 |    81 |    40 ||   151
  Dodge: Dodged            |    22 |    52 |    29 ||   103
  Block: Kite shield       |       |    41 |    24 ||    65
